 Dungeon Crawl Stone Soup version 0.23.2-40-g277498a001 (webtiles) character file.

Game seed: 11643745534673968792

4918 bluebeny the Cruncher (level 10, -22/92 HPs)
             Began as a Troll Berserker on Sept 23, 2019.
             Was an Elder of Trog.
             Annihilated by an orc warrior
             ... wielding a +0 war axe
              (38 damage)
             ... on level 8 of the Dungeon.
             The game lasted 01:03:15 (7098 turns).

bluebeny the Cruncher (Troll Berserker)             Turns: 7098, Time: 01:03:15

Health: -22/92     AC:  8    Str: 27    XL:     10   Next: 27%
Magic:  9/9        EV: 11    Int:  3    God:    Trog [****..]
Gold:   372        SH:  0    Dex:  9    Spells: 9/9 levels left

rFire    . . .     SeeInvis .   p - +4 quarterstaff (chaos)
rCold    . . .     Gourm    +   (shield currently unavailable)
rNeg     . . .     Faith    .   b - +0 animal skin
rPois    .         Spirit   .   (helmet restricted)
rElec    .         Reflect  .   z - +1 cloak
rCorr    .         Harm     .   (gloves unavailable)
MR       .....     Rnd*Tele +   (boots unavailable)
Stlth    +.........             u - amulet of regeneration
HPRegen  1.05/turn              m - ring of teleportation (curse) {fwosh}
MPRegen  0.11/turn              j - -3 ring of strength (curse)

@: no status effects
A: large, unfitting armour, claws 3, fast metabolism 3, gourmand, regeneration
1, shaggy fur 1, tough skin 3
a: Berserk, Trog's Hand, Brothers in Arms, Renounce Religion


You were on level 8 of the Dungeon.
You worshipped Trog.
Trog was greatly pleased with you.
You were completely stuffed.

You visited 1 branch of the dungeon, and saw 8 of its levels.

You collected 372 gold pieces.

Inventory:

Hand Weapons
 a - a +0 mace
 p - a +4 quarterstaff of chaos (weapon)
 x - a +0 flail
 C - a +0 mace
 J - a +0 dire flail
 K - a +0 scythe
Missiles
 d - 3 tomahawks of returning
 g - 254 stones (quivered)
 n - 7 javelins
 M - a throwing net
Armour
 b - a +0 animal skin (worn)
 k - a +0 cloak
 z - a +1 cloak (worn)
 I - a +2 shield
Jewellery
 j - a cursed -3 ring of strength (right claw)
 m - a cursed ring of teleportation (left claw) {fwosh}
 u - an amulet of regeneration (around neck)
 w - an uncursed ring of fire {unknown}
 A - an uncursed ring of see invisible {unknown}
Wands
 F - a wand of random effects (12)
Scrolls
 e - 13 scrolls of identify {unknown}
 h - a scroll of enchant armour {unknown}
 l - a scroll of noise {unknown}
 r - 4 scrolls of teleportation {unknown}
 s - a scroll of acquirement {unknown}
 t - 4 scrolls of amnesia {unknown}
 y - 2 scrolls of enchant weapon {unknown}
 B - 5 scrolls of fog {unknown}
 D - a scroll of random uselessness {unknown}
 H - a scroll of remove curse {unknown}
 N - a scroll of blinking {unknown}
Potions
 f - 3 potions of curing
 i - 2 potions of haste
 o - a potion of cancellation {unknown}
 q - 2 potions of heal wounds
 v - a potion of ambrosia {unknown}
 E - 2 potions of brilliance
 G - a potion of might
 L - a potion of degeneration {unknown}
Comestibles
 c - 13 rations
 O - a chunk of flesh


   Skills:
 - Level 3.7 Fighting
 - Level 5.2(9.5) Maces & Flails
 * Level 11.2(11.6) Staves
 - Level 3.7 Dodging


You had 9 spell levels left.
You didn't know any spells.
Your spell library contained the following spells:

 Spells                   Type           Power        Failure   Level  Hunger
 Magic Dart               Conj           #...         52%         1    ##.....
 Shock                    Conj/Air       #...         52%         1    ##.....
 Searing Ray              Conj           #.....       67%         2    ###....
 Swiftness                Chrm/Air       #.......     67%         2    ###....
 Dazzling Spray           Conj/Hex       #.....       88%         3    ####...
 Static Discharge         Conj/Air       #.......     88%         3    ####...
 Airstrike                Air            #.........   99%         4    #####..
 Force Lance              Conj/Tloc      #.......     99%         4    #####..
 Fulminant Prism          Conj/Hex       #.........   99%         4    #####..
 Iskenderun's Mystic Bla  Conj           #.......     99%         4    #####..
 Lightning Bolt           Conj/Air       #.........   100%        5    ######.


Dungeon Overview and Level Annotations

Branches:
Dungeon (8/15)             Temple (0/1) D:6
   Lair: D:8-11

Altars:
Ashenzari
Dithmenos
Elyvilon
Makhleb
Nemelex Xobeh
Xom
Yredelemnul

Shops:
D:7 *


Innate Abilities, Weirdness & Mutations

You are too large for most types of armour.
You have claws for hands.
Your metabolism is lightning-fast.
You like to eat raw meat.
Your natural rate of healing is unusually fast.
You are covered in fur. (AC +1)
You have extremely tough skin. (AC +3)


Message History

The orc warrior hits you with a +0 war axe!!
You hear a shout!
You closely miss the orc warrior.
The orc warrior is moderately wounded.
You sock the orc warrior! You freeze the orc warrior.
The orc warrior is heavily wounded.
The orc warrior hits you with a +0 war axe!
* * * LOW HITPOINT WARNING * * *
You completely miss the orc warrior.
The orc warrior is heavily wounded.
The orc warrior completely misses you.
An orc comes into view. It is wielding a +0 dagger.
The orc warrior closely misses you.
The orc wizard miscasts a cantrip.
You feel much better.
The orc warrior hits you with a +0 war axe!!
* * * LOW HITPOINT WARNING * * *
A worker ant comes into view.
The orc warrior hits you with a +0 war axe!!!
You die...

###############
#o.ooYo@..)....
#a#########....
#.# . #h# .:.
## ..O.# ..
..o... ##.
........ ..
o......## #.#


You could see an orc warrior (berserk), an ice beast, a worker ant (wandering),
an orc wizard and 2 orcs.

Vanquished Creatures
  Harold (D:7)
  A two-headed ogre (D:8)
  Pikel (D:7)
  A komodo dragon (D:7)
  Prince Ribbit (D:6)
  Sigmund (D:6)
  Eustachio (D:5)
  A human (D:7)
  4 hogs (D:7)
  An orc warrior (D:7)
  3 slaves (D:7)
  A black bear (D:6)
  An ogre (D:7)
  3 centaurs
  3 bullfrogs
  2 scorpions
  A howler monkey (D:5)
  3 crimson imps
  4 hounds
  A quasit (D:7)
  A jelly (D:7)
  An orc wizard (D:6)
  Crazy Yiuf (D:4)
  3 orc priests
  A centaur skeleton (D:4)
  A bullfrog skeleton (D:5)
  Ijyb (D:5)
  6 worker ants
  A hound skeleton (D:7)
  9 adders
  3 gnolls (D:7)
  A howler monkey skeleton (D:4)
  A shadow imp (D:5)
  An ooze (D:4)
  An adder skeleton (D:4)
  4 worms
  2 dart slugs
  4 leopard geckos
  10 orcs
  A ball python (D:5)
  6 giant cockroaches
  8 goblins
  8 hobgoblins
  6 jackals
  2 quokkas
  12 bats
  8 frilled lizards
  6 kobolds
  6 rats
  A fungus (D:4)
151 creatures vanquished.

Notes
Turn   | Place    | Note
-------+----------+-------------------------------------------
     0 | D:1      | bluebeny the Troll Berserker began the quest for the Orb.
     0 | D:1      | Reached XP level 1. HP: 22/22 MP: 0/0
   148 | D:1      | Reached XP level 2. HP: 29/29 MP: 1/1
  1100 | D:2      | Reached ** piety under Trog
  1105 | D:2      | Reached XP level 3. HP: 26/36 MP: 2/2
  1463 | D:2      | Found a basalt altar of Yredelemnul.
  1536 | D:2      | Reached XP level 4. HP: 44/44 MP: 3/3
  2332 | D:3      | Found a burning altar of Makhleb.
  2380 | D:3      | Found a sparkling altar of Nemelex Xobeh.
  2935 | D:3      | Reached *** piety under Trog
  3013 | D:3      | Reached XP level 5. HP: 49/53 MP: 4/4
  3026 | D:4      | Found a white marble altar of Elyvilon.
  3340 | D:4      | Reached XP level 6. HP: 36/61 MP: 5/5
  3449 | D:4      | Reached skill level 5 in Maces & Flails
  3553 | D:4      | Found a shadowy altar of Dithmenos.
  3751 | D:4      | Found a runed translucent door.
  3752 | D:4      | Noticed Crazy Yiuf
  3775 | D:4      | Killed Crazy Yiuf
  4031 | D:5      | Entered Level 5 of the Dungeon
  4126 | D:5      | Noticed Eustachio
  4158 | D:5      | Reached skill level 1 in Staves
  4162 | D:5      | Noticed Ijyb
  4180 | D:5      | Killed Ijyb
  4183 | D:5      | Reached XP level 7. HP: 49/68 MP: 6/6
  4206 | D:5      | Killed Eustachio
  4206 | D:5      | Reached skill level 3 in Staves
  4464 | D:5      | Reached skill level 4 in Staves
  4573 | D:5      | Found a shimmering altar of Xom.
  4675 | D:5      | Found a shimmering altar of Xom.
  4675 | D:5      | Found a shimmering altar of Xom.
  4676 | D:5      | Found a shimmering altar of Xom.
  4678 | D:5      | Found a shimmering altar of Xom.
  4879 | D:6      | Found a staircase to the Ecumenical Temple.
  4880 | D:6      | Noticed Prince Ribbit
  4926 | D:6      | Killed Prince Ribbit
  4926 | D:6      | Reached skill level 5 in Staves
  4926 | D:6      | Reached XP level 8. HP: 45/78 MP: 7/7
  5145 | D:6      | Reached skill level 6 in Staves
  5345 | D:6      | Noticed Sigmund
  5351 | D:6      | Received a gift from Trog
  5360 | D:6      | Killed Sigmund
  5379 | D:6      | Reached skill level 7 in Staves
  5703 | D:7      | Noticed a komodo dragon
  6124 | D:7      | Noticed Pikel
  6137 | D:7      | Killed Pikel
  6137 | D:7      | Reached skill level 8 in Staves
  6137 | D:7      | Reached XP level 9. HP: 80/84 MP: 8/8
  6144 | D:7      | Reached **** piety under Trog
  6253 | D:7      | Found Jiubeso's General Store.
  6267 | D:7      | Noticed Harold
  6271 | D:7      | Found a shattered altar of Ashenzari.
  6284 | D:7      | Killed Harold
  6284 | D:7      | Reached skill level 9 in Staves
  6524 | D:7      | Killed a komodo dragon
  6540 | D:7      | Reached skill level 10 in Staves
  6898 | D:7      | Reached XP level 10. HP: 41/92 MP: 9/9
  7062 | D:8      | Noticed a two-headed ogre
  7088 | D:8      | Killed a two-headed ogre
  7088 | D:8      | Reached skill level 11 in Staves
  7098 | D:8      | Annihilated by an orc warrior

Skill      XL: |  1  2  3  4  5  6  7  8  9 10 |
---------------+-------------------------------+-----
Maces & Flails | 3 4 5 |  5.2
Fighting       | 3 |  3.7
Dodging        | 3 |  3.7
Staves         | 1 5 8 10 11 | 11.2

Action                   |  1- 3 |  4- 6 |  7- 9 | 10-12 || total
-------------------------+-------+-------+-------+-------++-------
Melee: Mace              |   121 |    72 |       |       ||   193
       Flail             |       |   122 |       |       ||   122
       Quarterstaff      |       |    50 |   232 |    29 ||   311
Throw: Stone             |     4 |       |     4 |       ||     8
Invok: Berserk           |       |       |     1 |       ||     1
       Trog's Hand       |       |       |       |     1 ||     1
Evoke: Wand              |       |       |       |     2 ||     2
  Use: Potion            |     1 |     5 |     3 |     3 ||    12
 Stab: Petrified         |       |     1 |       |     3 ||     4
       Paralysed         |       |       |     1 |       ||     1
  Eat: Chunk             |    12 |    27 |    26 |     4 ||    69
       Ration            |     1 |       |       |       ||     1
Armor: Animal skin       |    60 |   109 |    74 |     8 ||   251
       Skin              |       |     3 |       |       ||     3
Dodge: Dodged            |    68 |   124 |   123 |    21 ||   336
